 Dungeon Crawl Stone Soup version 0.31.0-12-g77e489cdc1 (webtiles) character file.

Game seed: 5548742082086969204

1180 Gadfly the Trooper (level 8, 0/49 HPs)
             Began as a Gargoyle Fighter on Mar 4, 2024.
             Slain by an ufetubus (4 damage)
             ... on level 4 of the Dungeon.
             The game lasted 00:14:44 (5791 turns).

Gadfly the Trooper (Gargoyle Fighter)               Turns: 5791, Time: 00:14:44

Health: 0/49       AC: 18    Str: 27      XL:     8   Next: 42%
Magic:  11/11      EV:  8    Int:  6      God:
Gold:   69         SH:  5    Dex: 14 (17) Spells: 7/7 levels left

rFire   . . .        a - +0 flail
rCold   . . .        c - +0 buckler
rNeg    + . .        h - +0 chain mail
rPois   ∞            f - +0 helmet
rElec   +            (no cloak)
rCorr   .            j - +0 pair of gloves
SInv    .            e - +0 pair of boots
Will    .....        (no amulet) Stlth
                     l - +6 ring of strength
HPRegen 0.28/turn    i - +6 ring of dexterity
MPRegen 0.12/turn

%: no passive effects
@: no status effects
A: sickness immunity, AC +5, negative energy resistance 1, electricity
resistance, torment resistance 1, petrification resistance, dopey 1
a: no special abilities


You were on level 4 of the Dungeon.
You visited 1 branch of the dungeon, and saw 4 of its levels.
You also visited: Sewer.

You collected 87 gold pieces.
You spent 18 gold pieces at shops.

Inventory:

Hand Weapons
 a - a +0 flail (weapon)
Armour
 c - a +0 buckler (worn)
 e - a +0 pair of boots (worn)
 f - a +0 helmet (worn)
 h - a +0 chain mail (worn)
 j - a +0 pair of gloves (worn)
Jewellery
 i - a +6 ring of dexterity (right hand)
 l - a +6 ring of strength (left hand)
Scrolls
 b - 3 scrolls of fear
 d - 2 scrolls of fog
 k - 2 scrolls of revelation
 m - 2 scrolls of identify
 n - a scroll of teleportation
Potions
 g - a potion of enlightenment
 o - a potion of might


   Skills:
 + Level 5.0 Fighting
 * Level 5.0 Maces & Flails
 + Level 4.7 Armour
 + Level 4.8 Shields
 * Level 4.8 Invocations
 * Level 3.8 Evocations


You had 7 spell levels left.
You didn't know any spells.
Your spell library contained the following spells:

 Spells                   Type           Power      Damage    Failure   Level
 Sting                    Conj/Alch      0%         1d3       95%         1
 Hailstorm                Conj/Ice       0%         3d5       100%        3
 Mephitic Cloud           Conj/Alch/Air  0%         N/A       100%        3
 Summon Ice Beast         Ice/Summ       0%         N/A       100%        3
 Vampiric Draining        Necr           0%         2d6       100%        3
 Anguish                  Hex/Necr       0%         N/A       100%        4
 Sticky Flame             Fire/Alch      0%         2d4       100%        4
 Sculpt Simulacrum        Ice/Alch       0%         N/A       100%        6
 Malign Gateway           Summ/Tloc      0%         N/A       100%        7
 Summon Horrible Things   Summ           0%         N/A       100%        8


Dungeon Overview and Level Annotations

Branches:
Dungeon (4/15)              Sewer (visited)
 Temple: D:4-7

Altars:

Shops:
D:2 *

Annotations:
D:3 Pargi


Innate Abilities, Weirdness & Mutations

You are immune to sickness and miasma.
Your stone body is resilient. (AC +5)
You are immune to poison.
You resist negative energy. (rN+)
You are resistant to electric shocks. (rElec)
You are resistant to unholy torment.
You are immune to petrification.
You are dopey. (Int -2)


Message History

The ogre hits you with a +0 giant spiked club!!
You barely miss the ogre.
An ufetubus comes into view.
The ogre hits you with a +0 giant spiked club!!
* * * LOW HITPOINT WARNING * * *
You are too injured to fight recklessly!
You are too injured to fight recklessly!
You are too injured to fight recklessly!
You are too injured to fight recklessly!
You are too injured to fight recklessly!
You are too injured to fight recklessly!
You are too injured to fight recklessly!
You are too injured to fight recklessly!
You are too injured to fight recklessly!
You are too injured to fight recklessly!
You are too injured to fight recklessly!
You are too injured to fight recklessly!
You are too injured to fight recklessly!
You are too injured to fight recklessly!
You are too injured to fight recklessly!
You are too injured to fight recklessly!
You are too injured to fight recklessly!
You are too injured to fight recklessly!
You are too injured to fight recklessly!
Okay, then.
The ufetubus slips past you! The ufetubus barely misses you.
You block the ufetubus's attack. The ufetubus hits you.
* * * LOW HITPOINT WARNING * * *
The ufetubus barely misses you.
There is an open door here.
You see here an iguana corpse.
The ufetubus hits you.
* * * LOW HITPOINT WARNING * * *
The ufetubus hits you but does no damage.
The ufetubus attacks as it pursues you! The ufetubus barely misses you.
The ufetubus hits you.
* * * LOW HITPOINT WARNING * * *
The ufetubus hits you.
You die...

#.......#.....#.........
#.......'..<..#.........
#.......#.)...########..
#.......#..>.........#..
#.......#............#..
##.......#............#..
#........#............#..
#........+............#..
#.......@#............###
.......55# ...........
#........#############...
##......O#.....#.....'...
#.......†.....#....<#...
#.......#....##.....#...
+.......#....########...
#.......#....# #...
#.......#....# #...


You could see an ogre and 2 ufetubi.

Vanquished Creatures
  Grinder (D:3)
  Sigmund (D:2)
  An ogre (D:4)
  A crocodile (Sewer)
  The ghost of jimonade the Shooter, an amateur FoHu (D:3)
  A kobold brigand (Sewer)
  A brain worm (Sewer)
  3 quasits (D:3)
  A hound (D:4)
  An iguana (D:4)
  Terence (D:2)
  Robin (D:2)
  4 gnolls (D:3)
  3 river rats (Sewer)
  8 adders
  2 dart slugs
  2 ribbon worms
  7 orcs
  4 endoplasms
  5 giant cockroaches
  16 goblins
  6 hobgoblins
  7 jackals
  8 kobolds
  3 quokkas
  18 ball pythons
  4 bats (D:1)
  7 frilled lizards
  11 rats
129 creatures vanquished.

Notes
Turn   | Place    | Note
-------+----------+-------------------------------------------
     0 | D:1      | Gadfly the Gargoyle Fighter began the quest for the Orb.
     0 | D:1      | Reached XP level 1. HP: 14/14 MP: 1/1
   206 | D:1      | Reached XP level 2. HP: 19/19 MP: 2/2
   380 | D:1      | Reached skill level 1 in Invocations
   960 | D:2      | Noticed Robin
   979 | D:2      | Reached XP level 3. HP: 11/23 MP: 3/3
   995 | D:2      | HP: 1/23 [goblin/+0 dagger[Robin] (3)]
  1000 | D:1      | HP: 1/23 [goblin/+0 dagger[Robin] (1)]
  1112 | D:2      | Killed Robin
  1113 | D:2      | Reached skill level 1 in Evocations
  1120 | D:2      | Noticed Sigmund
  1151 | D:2      | Killed Sigmund
  1152 | D:2      | Reached XP level 4. HP: 11/29 MP: 5/5
  1152 | D:2      | Reached XP level 5. HP: 12/33 MP: 6/6
  1156 | D:2      | Noticed Terence
  1245 | D:2      | Killed Terence
  1246 | D:2      | Reached XP level 6. HP: 36/38 MP: 6/8
  1451 | D:2      | Found a faded altar of an unknown god.
  1812 | D:2      | Found Sefrituc's Assorted Antiques.
  1820 | D:2      | Bought a viscous ruby potion for 18 gold pieces
  2198 | D:3      | Got the Meditations on Ghastly Effluvium
  2601 | D:3      | Found a glowing drain.
  2605 | Sewer    | Entered a sewer
  2866 | Sewer    | Reached XP level 7. HP: 34/44 MP: 9/9
  3770 | D:3      | Found a transporter.
  4292 | D:3      | Noticed jimonade's ghost (amateur FoHu)
  4526 | D:3      | Noticed Pargi
  4558 | D:3      | Gained mutation: You are dopey. (Int -2) [potion of
                  | mutation]
  4793 | D:3      | Found a transporter.
  4816 | D:3      | Noticed Grinder
  4818 | D:3      | Paralysed by Grinder for 2 turns
  4824 | D:3      | Killed Grinder
  4877 | D:3      | Reached XP level 8. HP: 44/48 MP: 11/11
  5269 | D:3      | Killed jimonade's ghost
  5386 | D:3      | Identified the staff of Zin, Keeping {rN+ Will- SInv Stlth+
                  | Summ Necro}
  5444 | D:4      | Reached skill level 5 in Fighting
  5778 | D:4      | Reached skill level 5 in Maces & Flails
  5791 | D:4      | Slain by an ufetubus

Illustrated notes

Levels and vault maps discovered:
D:1:      nicolae_arrival_washed_ashore, layout_basic, serial_bayou_pond_b
D:2:      wad_pebble_path, layout_basic,
          shapermc_ecumenical_altar_mp_ritualfount, serial_shops,
          shop_fountains, uniq_robin, uniq_sigmund, uniq_terence
D:3:      layout_basic, gammafunk_ghost_stat_death,
          mainiacjoe_sewer_entry_somewhere_in_here_2, chequers_garden,
          grunt_ministairs_10, uniq_grinder, uniq_pargi
D:4:      layout_gridville, minmay_ruptured

Skill      XL: |  1  2  3  4  5  6  7  8 |
---------------+-------------------------+-----
Invocations    | 1 2 3 4 |  4.8
Evocations     | 2 3 |  3.8
Maces & Flails | 3 4 5 |  5.0
Fighting       | 4 5 |  5.0
Shields        | 4 |  4.8
Armour         | 4 |  4.7

Action                     |  1- 3 |  4- 6 |  7- 9 || total
---------------------------+-------+-------+-------++-------
  Melee: Flail             |   154 |   250 |   285 ||   689
    Use: Scroll            |     2 |     5 |     5 ||    12
         Potion            |     1 |     2 |     2 ||     5
 Armour: Scale mail        |   152 |     9 |       ||   161
         Chain mail        |       |   218 |   377 ||   595
  Dodge: Dodged            |    73 |    85 |   174 ||   332
  Block: Buckler           |    37 |    73 |    86 ||   196
